 Dungeon Crawl Stone Soup version 0.22-a0-480-g991dd4b (webtiles) character file.

483 Darkshadow the Chopper (level 7, -3/61 HPs)
             Began as a Hill Orc Monk on June 16, 2018.
             Was a Follower of Beogh.
             Slain by an ice beast (10 damage)
             ... on level 4 of the Dungeon.
             The game lasted 00:20:10 (7367 turns).

Darkshadow the Chopper (Hill Orc Monk)              Turns: 7367, Time: 00:20:10

Health: -3/61      AC: 12    Str: 16    XL:     7   Next: 12%
Magic:  7/7        EV:  7    Int: 10    God:    Beogh [*.....]
Gold:   139        SH:  0    Dex: 13    Spells: 6/6 levels left

rFire    . . .     SeeInvis .   a - +0 hand axe
rCold    . . .     Gourm    .   (no shield)
rNeg     . . .     Faith    .   i - +0 storm dragon scales
rPois    .         Spirit   .   (no helmet)
rElec    +         Reflect  .   m - +0 cloak
rCorr    .         Harm     .   (no gloves)
MR       .....                  (no boots)
Stlth    ..........             (no amulet)
HPRegen  0.20/turn              (no ring)
MPRegen  0.10/turn              (no ring)

@: no status effects
A: no striking features
a: Renounce Religion


You were on level 4 of the Dungeon.
You worshipped Beogh.
Beogh was aware of your devotion.
You were near starving.

You visited 1 branch of the dungeon, and saw 5 of its levels.

You collected 139 gold pieces.

Inventory:

Hand Weapons
 a - a +0 hand axe (weapon)
 r - a +0 hunting sling
Missiles
 e - 158 stones
 k - 37 poisoned needles
 q - 8 tomahawks (quivered)
Armour
 b - a +0 robe
 f - a +0 ring mail
 i - +0 storm dragon scales (worn)
 m - a +0 cloak (worn)
Scrolls
 d - a scroll of fog
 g - a scroll of identify {@r1}
Potions
 h - 3 potions of flight
 j - a potion of invisibility {unknown}
 l - 3 potions of curing {@q1}
 n - a potion of heal wounds {unknown}
 o - 2 potions of lignification
Comestibles
 c - 7 rations


   Skills:
 + Level 5.6 Fighting
 * Level 7.8 Axes
 + Level 3.6 Armour
 - Level 2.4 Dodging
 - Level 1.5 Stealth


You had 6 spell levels left.
You didn't know any spells.
Your spell library was empty.

Dungeon Overview and Level Annotations

Branches:
Dungeon (5/15)
 Temple: D:4-7

Altars:
Makhleb
Nemelex Xobeh
Trog
Wu Jian
The Shining One


Message History

The ice beast is heavily wounded.
The ice beast hits you. The ice beast freezes you!
* * * LOW HITPOINT WARNING * * *
You hit the ice beast but do no damage.
The ice beast is heavily wounded.
You hit the ice beast.
The ice beast is heavily wounded.
The ice beast closely misses you.
You closely miss the ice beast.
The ice beast is heavily wounded.
The ice beast hits you.
* * * LOW HITPOINT WARNING * * *
The ice beast freezes you.
* * * LOW HITPOINT WARNING * * *
You closely miss the ice beast.
The ice beast is heavily wounded.
The ice beast hits you.
* * * LOW HITPOINT WARNING * * *
The ice beast freezes you!
You die...

# ##.#####.....## ##.## ##..
##............## #..####...
##..............## ##....#....
##....###.........##
##.........( ......#
##.........###...###.....
......#
#..###..........####....
.....#####..# #...........#
#.... ..#....##..##
##..........###..).
##.........#
#.@.##.......##....
##..####..##
#.Y.##.........#### #..#
#...###...##....[...##... ##.#
##..#....###...#.....#.## #.##
##................##.#.##
#..###....#####.......###.#.##
#.........# ###.....# #..... #
##.....#...# ###..## ####.#
###..##..##..## ##..## #.#


You could see an ice beast.

Vanquished Creatures
  2 phantoms (D:3)
  Blork the orc (D:5)
  Jessica (D:2)
  A worker ant (D:4)
  10 adders
  An ooze (D:2)
  An adder skeleton (D:3)
  2 worms (D:2)
  5 dart slugs
  3 leopard geckos
  6 orcs
  3 bats
  2 giant cockroaches
  7 goblins
  12 hobgoblins
  5 jackals
  9 kobolds
  4 frilled lizards
  A leopard gecko skeleton (D:4)
  5 rats
81 creatures vanquished.

Vanquished Creatures (others)
  2 adders (D:4)
  A shadow imp (D:4)
3 creatures vanquished.

Grand Total: 84 creatures vanquished

Notes
Turn   | Place    | Note
-------+----------+-------------------------------------------
     0 | D:1      | Darkshadow the Hill Orc Monk began the quest for the Orb.
     0 | D:1      | Reached XP level 1. HP: 19/19 MP: 1/1
   331 | D:1      | Reached XP level 2. HP: 24/27 MP: 2/2
   803 | D:1      | Reached skill level 1 in Armour
   969 | D:1      | Reached XP level 3. HP: 32/33 MP: 3/3
  1589 | D:2      | Reached skill level 5 in Axes
  1590 | D:2      | Noticed Jessica
  1913 | D:2      | Reached XP level 4. HP: 38/40 MP: 4/4
  3188 | D:2      | Killed Jessica
  3188 | D:2      | Reached XP level 5. HP: 31/47 MP: 5/5
  3507 | D:2      | Reached skill level 6 in Axes
  3570 | D:3      | Found a sparkling altar of Nemelex Xobeh.
  3686 | D:3      | Found a faded altar of an unknown god.
  3757 | D:3      | Found a glowing golden altar of the Shining One.
  4292 | D:4      | Noticed a phantom
  4511 | D:3      | Killed a phantom
  4511 | D:3      | Reached skill level 5 in Fighting
  4511 | D:3      | Reached XP level 6. HP: 42/56 MP: 6/6
  4686 | D:4      | Reached skill level 7 in Axes
  4900 | D:4      | Became a worshipper of Beogh the Brigand
  4900 | D:4      | Reached * piety under Beogh
  4900 | D:4      | Reached ** piety under Beogh
  5331 | D:4      | Found a burning altar of Makhleb.
  5441 | D:4      | Found an ornate altar of the Wu Jian Council.
  5569 | D:4      | Noticed a phantom
  6492 | D:4      | Found a bloodstained altar of Trog.
  7101 | D:3      | Killed a phantom
  7340 | D:5      | Entered Level 5 of the Dungeon
  7340 | D:5      | Noticed Blork the orc
  7341 | D:5      | Noticed an ice beast
  7357 | D:5      | Killed Blork the orc
  7357 | D:5      | Reached XP level 7. HP: 26/61 MP: 7/7
  7367 | D:4      | Slain by an ice beast

Vault maps used:
D:1:      lemuel_arrival_hallway
D:2:      uniq_jessica
D:3:      lemuel_round_altar, lemuel_doored_altar,
          chequers_ecumenical_altar_simple_redux, minmay_close_crescents
D:4:      makhleb_grotto_becter, lightli_temple_of_fire,
          nicolae_overflow_crystal_walls, serial_park_tiny_pond
D:5:      okawaru_metal_pillars_1_2, minmay_temple_entry_fiery, first_ration,
          minivault_24, uniq_crazy_yiuf_cottage, uniq_blork_the_orc

Skill      XL: |  1  2  3  4  5  6 |
---------------+-------------------+-----
Armour         | 1 2 3 |  3.6
Fighting       | 4 5 |  5.6
Axes           | 5 6 7 |  7.8
Dodging        | |  2.4
Stealth        | |  1.5

Action                   |  1- 3 |  4- 6 |  7- 9 || total
-------------------------+-------+-------+-------++-------
Melee: Hand axe          |   101 |   350 |     6 ||   457
Throw: Stone             |     5 |    24 |       ||    29
       Tomahawk          |       |    15 |       ||    15
Invok: Convert to Beogh  |       |     1 |       ||     1
  Use: Scroll            |       |     7 |       ||     7
 Stab: Sleeping          |     2 |       |       ||     2
  Eat: Chunk             |     3 |     9 |       ||    12
       Ration            |       |     2 |       ||     2
Armor: Robe              |     3 |       |       ||     3
       Ring mail         |    16 |     2 |       ||    18
       Storm dragon scal |       |   187 |     2 ||   189
Dodge: Dodged            |    65 |   124 |     4 ||   193

Table legend:
 A = Spawn XP
 B = Non-spawn XP
 C = Spawn XP percentage of total XP
 D = Spawn monster count
 E = Non-spawn monster count
 F = Spawn count percentage of total count
 G = Total turns spent on level
                    A         B        C        D         E        F      G
               +---------+---------+-------+---------+---------+-------+---------
         Total |       0 |     690 |   0.0 |       0 |      81 |   0.0 |  7367
               +---------+---------+-------+---------+---------+-------+---------
           D:1 |       0 |      59 |   0.0 |       0 |      24 |   0.0 |  1447
           D:2 |       0 |     123 |   0.0 |       0 |      27 |   0.0 |  2058
           D:3 |       0 |     320 |   0.0 |       0 |      19 |   0.0 |  1393
           D:4 |       0 |      98 |   0.0 |       0 |      10 |   0.0 |  2450
           D:5 |       0 |      90 |   0.0 |       0 |       1 |   0.0 |    19
               +---------+---------+-------+---------+---------+-------+---------
